 Dungeon Crawl Stone Soup version 0.30-a0-757-ga6a79fd877 (webtiles) character file.

Game seed: 4119211249657447622

1785 scionoferis the Ducker (level 8, 0/66 HPs)
             Began as a Demigod Hexslinger on Feb 9, 2023.
             Slain by a quasit (1 damage)
             ... summoned by Eustachio
             ... on level 5 of the Dungeon.
             The game lasted 00:21:53 (5028 turns).

scionoferis the Ducker (Demigod Hexslinger)         Turns: 5028, Time: 00:21:53

Health: 0/66       AC:  7    Str: 11      XL:     8   Next: 52%
Magic:  12/12      EV: 16    Int: 15      God:
Gold:   217        SH:  5    Dex: 21 (22) Spells: 8/9 levels left

rFire   + . .      SeeInvis .    a - +2 short sword (freeze)
rCold   + + .      Faith    .    (no shield)
rNeg    . . .      Spirit   .    y - +3 leather armour {rC+}
rPois   .          Reflect  +    h - +0 helmet
rElec   .          Harm     .    (no cloak)
rCorr   .          Rampage  .    (no gloves)
Will    +....                    (no boots)
Stlth   +++                      k - amulet "Ukitwuh" {Reflect rC+ SH+5}
HPRegen 0.31/turn                C - ring of flight
MPRegen 0.13/turn                (no ring)

@: about to teleport, flying
A: high MP 1, forlorn, divine attributes, fire resistance 1, strong-willed 1
a: no special abilities


You were on level 5 of the Dungeon.
You visited 1 branch of the dungeon, and saw 5 of its levels.
You also visited: Ossuary.

You collected 217 gold pieces.


Innate Abilities, Weirdness & Mutations

You have an increased reservoir of magic. (+10% MP)
You shall have no god before yourself.
Your divine heritage dramatically boosts your attributes as you level up.
Your flesh is heat resistant. (rF+)
You are strong-willed. (Will+)


   Skills:
 + Level 4.2 Fighting
 * Level 5.6 Long Blades
 - Level 1.7 Ranged Weapons
 * Level 6.4 Dodging
 + Level 4.4 Stealth
 - Level 1.0 Spellcasting
 - Level 2.6 Hexes


You had 8 spell levels left.
You knew the following spells:

 Your Spells              Type           Power      Damage    Failure   Level
a - Slow                  Hex            32%        N/A       11%         1

Your spell library contained the following spells:

 Spells                   Type           Power      Damage    Failure   Level
 Kiss of Death            Conj/Necr      0%         2d5       32%         1
 Sandblast                Erth           0%         2d4       32%         1
 Sting                    Tmut/Pois      0%         1d3       32%         1
 Inner Flame              Hex/Fire       4%         N/A       50%         3
 Portal Projectile        Hex/Tloc       8%         N/A       50%         3
 Hailstorm                Conj/Ice       0%         3d3       67%         3
 Cause Fear               Hex            4%         N/A       71%         4
 Ice Form                 Ice/Tmut       0%         N/A       97%         4
 Simulacrum               Ice/Necr       0%         N/A       100%        6

Inventory:

Hand Weapons
 a - a +2 short sword of freezing (weapon)
   (You took it off an orc on level 5 of the Dungeon)
 b - a +1 sling
 d - a +0 dagger of flaming
   (You took it off a goblin on level 1 of the Dungeon)
 j - a +0 short sword
   (You took it off a kobold on level 2 of the Dungeon)
 m - a +0 dagger
   (You found it on level 1 of the Dungeon)
 A - a +0 falchion
   (You took it off an orc on level 4 of the Dungeon)
Missiles
 c - 7 poisoned darts (quivered)
 o - 4 datura-tipped darts
Armour
 h - a +0 helmet (worn)
   (You found it on level 1 of the Dungeon)
 y - a +3 leather armour of cold resistance (worn)
   (You took it off an orc on level 4 of the Dungeon)
Jewellery
 k - the amulet "Ukitwuh" (around neck) {Reflect rC+ SH+5}
   (You acquired it on level 5 of the Dungeon)

   [amulet of reflection]

   It reflects blocked missile attacks.
   rC:        It protects you from cold.
   SH:        It affects your SH (+5).
 l - a ring of ice
   (You took it off an orc on level 5 of the Dungeon)
 C - a ring of flight (left hand)
   (You found it in an ossuary)
Scrolls
 g - 2 scrolls of poison
 r - a scroll of noise
 s - 3 scrolls of enchant weapon
 v - 2 scrolls of teleportation
 w - 2 scrolls of amnesia
 B - a scroll of enchant armour
 E - a scroll of torment
Potions
 e - a potion of attraction {unknown}
 f - 2 potions of flight
 i - 4 potions of brilliance
 n - 2 potions of degeneration {unknown}
 p - 3 potions of lignification {unknown}
 q - 4 potions of mutation
 u - 2 potions of invisibility {unknown}
 x - a potion of magic {unknown}
 z - 2 potions of haste {unknown}
 F - 2 potions of ambrosia {unknown}

Dungeon Overview and Level Annotations

Branches:
Dungeon (5/15)            Ossuary (visited)
 Temple: D:4-7

Shops:
D:2 (

Annotations:
D:2 ogre, exclusion: 2 doors
D:4 exclusion: black bear
D:5 1 runed translucent door, Eustachio

##################
#......##<.......# ####
#......##........## .#####...
##5.....##.........# .........
#.5@.....#.......... .P..P...#
#rb5.....###..###### ......P.#
##.@######..##.#######
P...P...##..br# ####...........
.._...P....### #..............
P...P...###########.#.#..........
......P..........................
.P.PP.P.#.######...###...........
.......[#.# ###.#.#.#)#.........


You could see Eustachio, a quasit (summoned), a river rat (summoned), 2 shadow
imps, 2 bats and a rat (summoned).


Message History

C - a ring of flight (left hand)
There is an open door here.
There is an open door here.
As you open the door, it creaks loudly!
Found a scroll of poison and a scroll labelled SUZOAS WUOBLA.
Found a scroll labelled ASEACE WOZORA and a lumpy purple potion.
There is an open door here.
You reach down and open the door. 2 scorpion zombies and a kobold zombie come into view.
The scorpion zombie hits you but does no damage.
There is an open door here.
The scorpion zombie attacks as you move away!
The scorpion zombie barely misses you.
You slash the scorpion zombie!
The scorpion zombie is moderately damaged.
The scorpion zombie closely misses you.
You hit the scorpion zombie but do no damage.
The scorpion zombie is moderately damaged.
The scorpion zombie closely misses you.
You hit the scorpion zombie.
The scorpion zombie is moderately damaged.
The scorpion zombie closely misses you.
You hit the scorpion zombie but do no damage.
The scorpion zombie is moderately damaged.
The scorpion zombie completely misses you.
You hit the scorpion zombie.
The scorpion zombie is moderately damaged.
The scorpion zombie hits you but does no damage.
You slash the scorpion zombie!
The scorpion zombie is severely damaged.
The scorpion zombie barely misses you.
You slash the scorpion zombie!
The scorpion zombie is almost destroyed.
The scorpion zombie hits you.
You barely miss the scorpion zombie.
The scorpion zombie is almost destroyed.
The scorpion zombie misses you.
You hit the scorpion zombie.
You destroy the scorpion zombie!
You completely miss the scorpion zombie.
The scorpion zombie hits you but does no damage.
You slash the scorpion zombie!
The scorpion zombie is moderately damaged.
The scorpion zombie hits you but does no damage.
The scorpion zombie completely misses you.
You slash the scorpion zombie!
The scorpion zombie is heavily damaged.
The scorpion zombie hits you but does no damage.
You slash the scorpion zombie!
The scorpion zombie is almost destroyed.
The scorpion zombie closely misses you.
You barely miss the scorpion zombie.
You punch the scorpion zombie, but do no damage.
The scorpion zombie is almost destroyed.
The scorpion zombie hits you.
You slash the scorpion zombie!
You destroy the scorpion zombie!
You hit the kobold zombie.
The kobold zombie is lightly damaged.
The kobold zombie hits you but does no damage.
You barely miss the kobold zombie.
The kobold zombie is lightly damaged.
You slash the kobold zombie!
You destroy the kobold zombie!
No target in view!
No target in view!
You start resting.
HP restored.
There is an open door here.
There is an open door here.
You reach down and open the door.
There is an open door here.
As you open the door, it creaks loudly!
A scorpion comes into view.
A gnoll zombie and a goblin zombie come into view.
There is an open door here.
There is an open door here.
Throw: 9 darts (poison)
Press: ? - help, Q - select action, (/) - cycle Shift-Dir - straight line, f - scorpion
Aim: a scorpion (64% to hit)
You throw a poisoned dart. The poisoned dart hits the scorpion.
The scorpion is poisoned.
Throw: 8 darts (poison)
Press: ? - help, Q - select action, (/) - cycle Shift-Dir - straight line, f/p - scorpion
Aim: a scorpion (lightly wounded, poisoned, 64% to hit)
You throw a poisoned dart. The poisoned dart hits the scorpion.
The scorpion looks even sicker.
The scorpion is lightly wounded.
Your +2 short sword of freezing glows with a cold blue light!
a - a +2 short sword of freezing (weapon)
You closely miss the scorpion.
The scorpion is lightly wounded.
The scorpion closely misses you.
You barely miss the scorpion.
The scorpion is heavily wounded.
The scorpion stings you but does no damage.
You hit the scorpion. You freeze the scorpion.
You kill the scorpion!
The goblin zombie hits you but does no damage.
There is an open door here.
You hit the goblin zombie.
The goblin zombie is severely damaged.
A centaur zombie comes into view.
The goblin zombie barely misses you.
Your +2 short sword of freezing stops glowing.
A - a +0 falchion (weapon)
You hit the goblin zombie.
You destroy the goblin zombie!
You hit the centaur zombie.
The centaur zombie is lightly damaged.
The centaur zombie misses you.
The centaur zombie kicks you but does no damage.
The centaur zombie closely misses you. x2
You slash the centaur zombie!
The centaur zombie is moderately damaged.
The centaur zombie misses you.
The centaur zombie completely misses you.
An orc zombie comes into view.
You slash the centaur zombie!
The centaur zombie is heavily damaged.
The centaur zombie misses you.
The centaur zombie closely misses you. x2
The centaur zombie kicks you but does no damage.
You slash the centaur zombie!
The centaur zombie is almost destroyed.
The centaur zombie completely misses you.
The centaur zombie kicks you but does no damage.
You hit the centaur zombie.
The centaur zombie is almost destroyed.
The centaur zombie completely misses you.
The centaur zombie kicks you but does no damage.
You hit the centaur zombie but do no damage.
The centaur zombie is almost destroyed.
The centaur zombie misses you. The centaur zombie barely misses you.
The centaur zombie completely misses you.
The centaur zombie kicks you.
You hit the centaur zombie.
You destroy the centaur zombie!
You hit the orc zombie but do no damage.
The orc zombie closely misses you.
You slash the orc zombie!
You destroy the orc zombie!
No target in view!
There is an open door here.
You see here a poisoned dart.
c - 8 poisoned darts (gained 1)
There is an open door here.
There is an open door here.
You start waiting.
A mummy is nearby!
You closely miss the mummy. The mummy closely misses you.
You hit the mummy.
The mummy is moderately damaged.
You closely miss the mummy.
The mummy is moderately damaged.
The mummy completely misses you.
You barely miss the mummy.
The mummy is moderately damaged.
The mummy hits you!
You hit the mummy.
The mummy is moderately damaged.
You hit the mummy.
The mummy is moderately damaged.
The mummy misses you.
You hit the mummy.
The mummy is severely damaged.
You hit the mummy.
The mummy is almost destroyed.
The mummy closely misses you.
You hit the mummy.
You destroy the mummy!
No target in view!
No target in view!
You start resting.
HP restored.
There is an open door here.
There is an open door here.
There is an open door here. 2 scorpions come into view.
There is an open door here.
Your +2 short sword of freezing glows with a cold blue light!
a - a +2 short sword of freezing (weapon)
Throw: 8 darts (poison)
Press: ? - help, Q - select action, (/) - cycle Shift-Dir - straight line, f - scorpion
Aim: a scorpion (64% to hit)
You throw a poisoned dart.
The poisoned dart barely misses the scorpion.
You hit the scorpion but do no damage. You hit the scorpion but do no damage.
The scorpion stings you.
You hit the scorpion. You freeze the scorpion.
The scorpion is lightly wounded.
The scorpion stings you.
You are poisoned.
The scorpion poisons you!
You barely miss the scorpion.
The scorpion is lightly wounded.
You feel very sick.
The scorpion stings you but does no damage. x2
You barely miss the scorpion.
The scorpion is lightly wounded.
You feel sick. The scorpion barely misses you.
You hit the scorpion but do no damage.
The scorpion is lightly wounded.
You feel sick. The scorpion stings you.
You closely miss the scorpion.
The scorpion is lightly wounded.
You feel sick. The scorpion misses you.
You hit the scorpion. You freeze the scorpion.
The scorpion is heavily wounded.
You feel sick.
The scorpion stings you but does no damage.
You hit the scorpion. You freeze the scorpion.
The scorpion is severely wounded.
You feel sick. The scorpion stings you.
You are more poisoned.
The scorpion poisons you!
You barely miss the scorpion.
The scorpion is severely wounded.
You feel very sick. The scorpion barely misses you.
You barely miss the scorpion.
The scorpion is severely wounded.
You feel sick. The scorpion barely misses you.
You hit the scorpion. You freeze the scorpion.
The scorpion is almost dead.
You feel sick.
You hit the scorpion. You freeze the scorpion.
You kill the scorpion!
You feel sick.
You feel sick.
There is an open door here.
You feel sick.
You reach down and close the door.
You feel sick.
You start resting.
You feel sick. x3
You are no longer poisoned.
You start resting.
Something unseen opens the door.
There is an open door here.
Which direction?
You reach down and close the door.
You reach down and close the door.
You reach down and open the door.
You reach down and close the door.
You reach down and open the door.
There is an open door here.
You start resting.
HP restored.
Your +2 short sword of freezing stops glowing.
m - a +0 dagger (weapon)
There is an open door here.
You reach down and open the door.
There is an open door here.
A - a +0 falchion (weapon)
Casting: Slow (safe; 11% risk of failure)
Confirm with . or Enter, or press ? or * to list all spells.
Aiming: Slow (safe; 11% risk of failure)
Press: ? - help, Shift-Dir - straight line, f - mummy
Aim: a mummy (chance to affect: 41%)
The mummy seems to slow down.
You hit the mummy.
The mummy is lightly damaged.
You slash the mummy!
The mummy is heavily damaged.
The mummy misses you.
You hit the mummy.
The mummy is heavily damaged.
You hit the mummy.
The mummy is severely damaged.
The mummy is no longer moving slowly.
You hit the mummy.
You destroy the mummy!
You have reached level 8!
No target in view!
A kobold zombie is nearby!
A kobold zombie is nearby!
There is an open door here.
No reachable target in view!
No reachable target in view!
A kobold zombie is nearby!
No reachable target in view!
No reachable target in view!
You hit the kobold zombie.
The kobold zombie is moderately damaged.
The kobold zombie hits you but does no damage.
You closely miss the kobold zombie.
The kobold zombie is moderately damaged.
The kobold zombie closely misses you.
You slash the kobold zombie!
You destroy the kobold zombie!
No target in view!
No target in view!
You reach down and open the door.
A gnoll zombie is nearby!
Your +2 short sword of freezing glows with a cold blue light!
a - a +2 short sword of freezing (weapon)
There is an open door here.
Your +2 short sword of freezing stops glowing.
b - a +1 sling (weapon)
You shoot a sling bullet. The sling bullet hits the gnoll zombie.
The gnoll zombie is moderately damaged.
You shoot a sling bullet. The sling bullet hits the gnoll zombie.
The gnoll zombie is heavily damaged.
You shoot a sling bullet. The sling bullet hits the gnoll zombie.
The gnoll zombie is severely damaged.
You shoot a sling bullet. The sling bullet hits the gnoll zombie!
You destroy the gnoll zombie!
You see here a scorpion corpse.
Your +2 short sword of freezing glows with a cold blue light!
a - a +2 short sword of freezing (weapon)
Throw: 7 darts (poison)
Press: ? - help, Q - select action, (/) - cycle Shift-Dir - straight line, f - scorpion
Aim: a scorpion (asleep, 98% to hit)
You throw a poisoned dart. The poisoned dart hits the scorpion.
The scorpion is poisoned.
Throw: 6 darts (poison)
Press: ? - help, Q - select action, (/) - cycle Shift-Dir - straight line, f/p - scorpion
Aim: a scorpion (lightly wounded, poisoned, 64% to hit)
You throw a poisoned dart. The poisoned dart hits the scorpion.
The scorpion is lightly wounded.
Throw: 5 darts (poison)
Press: ? - help, Q - select action, (/) - cycle Shift-Dir - straight line, f/p - scorpion
Aim: a scorpion (lightly wounded, poisoned, 64% to hit)
You throw a poisoned dart.
The poisoned dart barely misses the scorpion.
The scorpion looks more healthy.
You hit the scorpion. You freeze the scorpion.
The scorpion is heavily wounded.
The scorpion closely misses you.
You hit the scorpion. You freeze the scorpion.
The scorpion is heavily wounded.
The scorpion stings you but does no damage.
You barely miss the scorpion.
The scorpion is heavily wounded.
The scorpion closely misses you.
A scorpion comes into view.
You hit the scorpion but do no damage.
The scorpion is heavily wounded.
The scorpion stings you but does no damage.
You hit the scorpion but do no damage.
The scorpion is heavily wounded.
The scorpion closely misses you.
You hit the scorpion. You freeze the scorpion.
The scorpion is severely wounded.
The scorpion completely misses you.
You hit the scorpion. You freeze the scorpion.
You kill the scorpion!
You see here a scorpion corpse.
You hit the scorpion. You freeze the scorpion.
The scorpion is moderately wounded.
The scorpion stings you.
You hit the scorpion but do no damage.
The scorpion is moderately wounded.
The scorpion closely misses you.
You barely miss the scorpion.
The scorpion is moderately wounded.
The scorpion stings you but does no damage.
You hit the scorpion but do no damage.
The scorpion is moderately wounded.
The scorpion barely misses you.
You hit the scorpion but do no damage.
The scorpion is moderately wounded.
The scorpion misses you. The scorpion stings you.
You closely miss the scorpion.
The scorpion is moderately wounded.
The scorpion barely misses you.
You hit the scorpion. You freeze the scorpion.
The scorpion is heavily wounded.
The scorpion closely misses you.
You barely miss the scorpion.
The scorpion is heavily wounded.
The scorpion closely misses you.
You hit the scorpion but do no damage.
The scorpion is heavily wounded.
The scorpion stings you but does no damage.
You hit the scorpion but do no damage.
The scorpion is heavily wounded.
The scorpion misses you.
You barely miss the scorpion.
The scorpion is heavily wounded.
The scorpion completely misses you.
You barely miss the scorpion.
The scorpion is heavily wounded.
The scorpion misses you.
You hit the scorpion but do no damage.
The scorpion is heavily wounded.
The scorpion closely misses you.
You hit the scorpion but do no damage.
The scorpion is heavily wounded.
The scorpion stings you but does no damage.
You barely miss the scorpion.
The scorpion is heavily wounded.
The scorpion stings you.
You are poisoned.
The scorpion poisons you!
You completely miss the scorpion.
The scorpion is heavily wounded.
You feel very sick. The scorpion misses you.
You hit the scorpion but do no damage.
The scorpion is heavily wounded.
You feel very sick. The scorpion stings you.
You hit the scorpion. You freeze the scorpion.
The scorpion is severely wounded.
You feel sick. The scorpion misses you.
You closely miss the scorpion.
The scorpion is severely wounded.
You feel sick.
The scorpion stings you but does no damage.
You hit the scorpion. You freeze the scorpion.
The scorpion is severely wounded.
You feel sick. The scorpion completely misses you.
You hit the scorpion but do no damage.
The scorpion is severely wounded.
You feel sick. The scorpion barely misses you.
You barely miss the scorpion.
The scorpion is severely wounded.
You feel sick. The scorpion barely misses you.
The scorpion stings you but does no damage.
You hit the scorpion. You freeze the scorpion.
The scorpion is almost dead.
The scorpion stings you.
You closely miss the scorpion.
The scorpion is almost dead.
You feel sick. The scorpion barely misses you.
You hit the scorpion but do no damage.
The scorpion is almost dead.
You feel sick.
The scorpion stings you but does no damage.
You hit the scorpion. You freeze the scorpion.
You kill the scorpion!
You feel sick.
You are no longer poisoned.
No target in view!
You start resting.
HP restored.
Your +2 short sword of freezing stops glowing.
b - a +1 sling (weapon)
m - a +0 dagger (weapon)
A - a +0 falchion (weapon)
A scorpion and an orc zombie come into view.
You see here a scorpion corpse.
There is an open door here.
b - a +1 sling (weapon)
You shoot a sling bullet.
The sling bullet barely misses the orc zombie.
You shoot a sling bullet. The sling bullet hits the orc zombie!
You destroy the orc zombie!
No target in view!
No target in view!
Your +2 short sword of freezing glows with a cold blue light!
a - a +2 short sword of freezing (weapon)
There is an open door here.
You see here a poisoned dart.
The helpless scorpion fails to defend itself.
You impale the scorpion!! You freeze the scorpion.
You kill the scorpion!
Your Long Blades skill increases to level 5!
You see here a scorpion corpse.
There is an open door here.
k - 6 scrolls labelled SUZOAS WUOBLA (gained 1)
D - an amulet of magic regeneration
There are no items here.
You start putting on your amulet.
You continue putting on your amulet of magic regeneration. x5
You finish putting on your amulet of magic regeneration.
D - an amulet of magic regeneration (around neck)
E - a scroll labelled CUCWU RINU
n - 2 orange potions (gained 1)
p - 3 fizzy red potions (gained 1)
q - 2 lumpy purple potions (gained 1)
q - 4 lumpy purple potions (gained 2)
F - a glowing purple potion
There is an open door here.
c - 5 poisoned darts (gained 1)
c - 6 poisoned darts (gained 1)
There is an open door here.
c - 7 poisoned darts (gained 1)
You see here a scorpion corpse.
There is an open door here.
A scorpion comes into view.
Throw: 7 darts (poison)
Press: ? - help, Q - select action, (/) - cycle Shift-Dir - straight line, f - scorpion
Aim: a scorpion (asleep, 98% to hit)
You throw a poisoned dart. The poisoned dart hits the scorpion.
Throw: 6 darts (poison)
Press: ? - help, Q - select action, (/) - cycle Shift-Dir - straight line, f/p - scorpion
Aim: a scorpion (64% to hit)
You throw a poisoned dart.
The poisoned dart closely misses the scorpion.
Throw: 5 darts (poison)
Press: ? - help, Q - select action, (/) - cycle Shift-Dir - straight line, f/p - scorpion
Aim: a scorpion (64% to hit)
You throw a poisoned dart. The poisoned dart hits the scorpion.
The scorpion is poisoned.
Throw: 4 darts (poison)
Press: ? - help, Q - select action, (/) - cycle Shift-Dir - straight line, f/p - scorpion
Aim: a scorpion (lightly wounded, poisoned, 64% to hit)
You throw a poisoned dart.
The poisoned dart barely misses the scorpion.
A scorpion zombie comes into view.
Throw: 3 darts (poison)
Press: ? - help, Q - select action, (/) - cycle Shift-Dir - straight line, f/p - scorpion
Aim: a scorpion (moderately wounded, poisoned, 64% to hit)
You throw a poisoned dart. The poisoned dart hits the scorpion.
The scorpion looks even sicker.
The scorpion is moderately wounded.
Throw: 2 darts (poison)
Press: ? - help, Q - select action, (/) - cycle Shift-Dir - straight line, f/p - scorpion
Aim: a scorpion (moderately wounded, very poisoned, 64% to hit)
You throw a poisoned dart.
The poisoned dart barely misses the scorpion.
The poisoned dart hits the scorpion zombie.
The scorpion closely misses you.
You hit the scorpion. You freeze the scorpion.
You kill the scorpion!
Your Stealth skill increases to level 4!
You hit the scorpion zombie.
The scorpion zombie is lightly damaged.
Your +2 short sword of freezing stops glowing.
A - a +0 falchion (weapon)
The scorpion zombie misses you.
You hit the scorpion zombie.
The scorpion zombie is lightly damaged.
The scorpion zombie hits you but does no damage.
You barely miss the scorpion zombie.
The scorpion zombie is lightly damaged.
The scorpion zombie closely misses you.
You hit the scorpion zombie but do no damage.
The scorpion zombie is lightly damaged.
The scorpion zombie barely misses you.
You barely miss the scorpion zombie.
The scorpion zombie is lightly damaged.
The scorpion zombie hits you but does no damage.
You hit the scorpion zombie.
The scorpion zombie is moderately damaged.
The scorpion zombie completely misses you.
You hit the scorpion zombie but do no damage.
The scorpion zombie is moderately damaged.
The scorpion zombie hits you but does no damage.
You hit the scorpion zombie but do no damage.
You punch the scorpion zombie, but do no damage.
The scorpion zombie is moderately damaged.
The scorpion zombie barely misses you.
You hit the scorpion zombie.
The scorpion zombie is moderately damaged.
The scorpion zombie hits you but does no damage.
You hit the scorpion zombie but do no damage.
The scorpion zombie is moderately damaged.
The scorpion zombie closely misses you.
You slash the scorpion zombie!
The scorpion zombie is heavily damaged.
The scorpion zombie hits you but does no damage.
You hit the scorpion zombie.
The scorpion zombie is severely damaged.
The scorpion zombie barely misses you.
You hit the scorpion zombie.
The scorpion zombie is severely damaged.
The scorpion zombie misses you.
You hit the scorpion zombie but do no damage.
The scorpion zombie is severely damaged.
The scorpion zombie completely misses you.
The scorpion zombie misses you.
You slash the scorpion zombie!
The scorpion zombie is almost destroyed.
The scorpion zombie hits you.
You slash the scorpion zombie!
You destroy the scorpion zombie!
Your Dodging skill increases to level 6!
You start resting.
HP restored.
c - 2 poisoned darts (gained 1)
c - 3 poisoned darts (gained 1)
There is an open door here.
c - 4 poisoned darts (gained 1)
c - 7 poisoned darts (gained 3)
There is an open door here.
s - 3 scrolls labelled ASEACE WOZORA (gained 1)
q - 5 lumpy purple potions (gained 1)
g - 2 scrolls of poison (gained 1)
k - 7 scrolls labelled SUZOAS WUOBLA (gained 1) Done exploring.
Search for what [Enter for "blade", or ? for help]? ossu Unknown command.
There is an open door here.
There is an open door here.
There is an open door here.
There is an open door here.
There is an open door here.
There is an open door here.
There is an open door here.
There is an open door here.
There is an open door here.
There is an open door here.
There is an open door, spattered with blood here.
There is a gate leading back out of this place here.
Unknown command.
As you read the scroll labelled SUZOAS WUOBLA, it crumbles to dust.
It is a scroll of identify.
l - a scroll of acquirement
As you read the scroll of identify, it crumbles to dust.
r - a scroll of noise
As you read the scroll of identify, it crumbles to dust.
t - a scroll of magic mapping
As you read the scroll of identify, it crumbles to dust.
B - a scroll of enchant armour
As you read the scroll of magic mapping, it crumbles to dust.
You feel momentarily disoriented.
Unknown command.
Unknown command.
As you read the scroll of identify, it crumbles to dust.
E - a scroll of torment
As you read the scroll of identify, it crumbles to dust.
w - 2 scrolls of amnesia
As you read the scroll of identify, it crumbles to dust.
s - 3 scrolls of enchant weapon Unknown command.
Welcome back to the Dungeon!
Level annotation: 1 runed translucent door, Eustachio
There is a collapsed entrance here.
Your +2 short sword of freezing glows with a cold blue light!
a - a +2 short sword of freezing (weapon)
Your +2 short sword of freezing stops glowing.
b - a +1 sling (weapon)
There is an open door here.
You shoot a sling bullet.
The sling bullet barely misses the worm.
You shoot a sling bullet. The sling bullet hits the worm.
The worm is lightly wounded.
You shoot a sling bullet.
The sling bullet barely misses the worm.
You shoot a sling bullet.
The sling bullet barely misses the worm.
You shoot a sling bullet. The sling bullet hits the worm.
The worm is lightly wounded.
You shoot a sling bullet. The sling bullet hits the worm.
The worm is lightly wounded.
Your +2 short sword of freezing glows with a cold blue light!
a - a +2 short sword of freezing (weapon)
You barely miss the worm.
The worm is lightly wounded.
You barely miss the worm.
The worm is lightly wounded.
The worm bites you!
You hit the worm. You freeze the worm.
The worm is moderately wounded.
You hit the worm. You freeze the worm.
The worm is heavily wounded.
The worm bites you!
You barely miss the worm.
The worm is moderately wounded.
You hit the worm. You freeze the worm. You punch the worm, but do no damage.
The worm is heavily wounded.
The worm misses you.
You hit the worm. You freeze the worm.
The worm is severely wounded.
You hit the worm. You freeze the worm. You punch the worm.
The worm is almost dead.
The worm completely misses you.
You hit the worm. You freeze the worm.
You kill the worm!
No target in view!
Your +2 short sword of freezing stops glowing.
b - a +1 sling (weapon)
An adder comes into view.
You shoot a sling bullet.
The sling bullet barely misses the adder.
The adder hisses angrily.
Grinder comes into view.
You shoot a sling bullet. The sling bullet hits the adder!
The adder is severely wounded.
There is an open door here.
Your +2 short sword of freezing glows with a cold blue light!
a - a +2 short sword of freezing (weapon)
You closely miss the adder.
The adder is severely wounded.
The adder closely misses you.
You closely miss the adder.
The adder is severely wounded.
The adder bites you but does no damage.
You closely miss the adder.
The adder is severely wounded.
The adder closely misses you.
You completely miss the adder.
The adder is severely wounded.
The adder closely misses you.
You barely miss the adder.
The adder is severely wounded.
The adder bites you but does no damage. The adder closely misses you.
You hit the adder. You freeze the adder.
You kill the adder!
No target in view!
Unknown command.
As you close the door, pushing everything out of the way, it creaks loudly!
Unknown command.
Something appears at your feet!
k - the amulet "Ukitwuh" {Reflect rC+ SH+5} You start removing your amulet.
You continue taking off your amulet of magic regeneration. x4
You finish taking off your amulet of magic regeneration.
You start putting on your amulet.
You continue putting on the amulet "Ukitwuh" {Reflect rC+ SH+5}. x5
You finish putting on the amulet "Ukitwuh" {Reflect rC+ SH+5}.
You feel a shielding aura gather around you.
k - the amulet "Ukitwuh" (around neck) {Reflect rC+ SH+5} You drop an amulet of magic regeneration.
Your +2 short sword of freezing stops glowing.
b - a +1 sling (weapon)
HP restored.
You reach down and open the door.
There is an open door here.
F - 2 glowing purple potions (gained 1) Grinder shouts!
A hound comes into view.
There is an open door here.
You see here an amulet of magic regeneration.
Unknown command.
Your +2 short sword of freezing glows with a cold blue light!
a - a +2 short sword of freezing (weapon)
Press: ? - help, v - describe, . - travel
Here: Grinder The floor.
Your +2 short sword of freezing stops glowing.
A - a +0 falchion (weapon)
You hit Grinder.
Grinder is lightly wounded.
Grinder gestures at you.
You suddenly lose the ability to move!
Grinder hits you but does no damage. Grinder hits you.
You writhe in agony.
Grinder blinks!
You can move again.
You reach down and close the door.
You start resting.
Grinder opens the door.
Grinder says, "There's only one good use for a tongue: cutting it out."
Grinder gestures at you.
You suddenly lose the ability to move!
Grinder hits you.
You writhe in agony.
You can move again.
Unknown command.
You completely miss Grinder.
Grinder is lightly wounded.
Grinder hits you.
You writhe in agony.
You slash Grinder!
Grinder is moderately wounded.
Grinder closely misses you.
You slash Grinder!
Grinder is heavily wounded.
Grinder blinks!
There is a broken door here.
Grinder closely misses you.
You hit Grinder.
Grinder is severely wounded.
Grinder gestures at you.
You struggle to resist.
You barely miss Grinder.
Grinder is severely wounded.
Grinder blinks!
You hit Grinder.
Grinder is almost dead.
Grinder hits you but does no damage.
You hit Grinder but do no damage.
Grinder is almost dead.
Grinder barely misses you.
You hit Grinder but do no damage.
Grinder is almost dead.
Grinder gestures at you.
You struggle to resist.
You hit Grinder.
Grinder is almost dead.
Grinder gestures at you.
You struggle to resist.
You completely miss Grinder.
Grinder is almost dead.
Grinder gestures at you. Pain shoots through your body!
You closely miss Grinder.
Grinder is almost dead.
You block Grinder's attack.
You hit Grinder.
You kill Grinder!
Your Fighting skill increases to level 4!
You start resting.
HP restored.
Your +2 short sword of freezing glows with a cold blue light!
a - a +2 short sword of freezing (weapon)
Your +2 short sword of freezing stops glowing.
b - a +1 sling (weapon)
You see here an adder corpse.
You shoot a sling bullet. The hound barks!
The sling bullet hits the hound!
The hound is heavily wounded.
You shoot a sling bullet. The sling bullet hits the hound!
You kill the hound!
No target in view!
You see here a hound corpse.
A phantom comes into view.
The phantom moves out of view.
l - a scroll of identify
As you read the scroll of identify, it crumbles to dust.
v - 3 scrolls of teleportation You now have 206 gold pieces (gained 13).
You see here a hound corpse.
A jelly comes into view.
You shoot a sling bullet. The jelly quivers.
The sling bullet hits the jelly.
The jelly is moderately wounded.
You shoot a sling bullet. The sling bullet hits the jelly.
The jelly is severely wounded.
You shoot a sling bullet. The sling bullet hits the jelly.
The jelly is almost dead.
You shoot a sling bullet. The sling bullet hits the jelly.
You kill the jelly!
You shoot a sling bullet. The sling bullet misses the phantom.
No target in view!
You shoot a sling bullet.
The sling bullet closely misses the phantom.
You shoot a sling bullet.
The sling bullet barely misses the phantom.
You shoot a sling bullet. The sling bullet hits the phantom!
The phantom is moderately damaged.
The phantom closely misses you.
A - a +0 falchion (weapon)
The phantom hits you.
The phantom blinks!
You blink.
You slash the phantom!
The phantom is heavily damaged.
The phantom hits you.
The phantom blinks!
You blink.
You hit the phantom.
The phantom is heavily damaged.
The phantom hits you but does no damage.
You closely miss the phantom.
The phantom is heavily damaged.
The phantom closely misses you.
You hit the phantom but do no damage.
The phantom is heavily damaged.
The phantom hits you but does no damage.
You hit the phantom.
The phantom is severely damaged.
The phantom hits you.
You hit the phantom but do no damage.
The phantom is severely damaged.
The phantom completely misses you.
You hit the phantom.
The phantom is severely damaged.
The phantom completely misses you.
You hit the phantom.
The phantom is severely damaged.
The phantom hits you.
You hit the phantom.
The phantom is almost destroyed.
The phantom closely misses you.
You miss the phantom.
The phantom is almost destroyed.
The phantom closely misses you.
You slash the phantom!
You destroy the phantom!
No target in view!
No target in view!
Your +2 short sword of freezing glows with a cold blue light!
a - a +2 short sword of freezing (weapon)
o - 4 datura-tipped darts (gained 1)
Items here: )))) [.
Your +2 short sword of freezing stops glowing.
b - a +1 sling (weapon)
Things that are here:
a boomerang; a +0 club
Things that are here:
a +0 quarterstaff; a +0 leather armour; a +0 trident
l - a ring of ice You see here a +0 club.
You now have 217 gold pieces (gained 11).
Things that are here:
a +0 quarterstaff; a +0 leather armour; a +0 trident
Items here: )))) [.
Found 4 stones.
You see here a +0 short sword.
Your +2 short sword of freezing glows with a cold blue light!
a - a +2 short sword of freezing (weapon)
Found an opulent altar of Gozag.
Found a ring mail.
Unknown command.
You block Eustachio's attack.
You hit Eustachio but do no damage.
Eustachio hits you with a +2 falchion of flaming.
Eustachio burns you.
You closely miss Eustachio.
Eustachio casts a spell.
You hit Eustachio but do no damage. The bat barely misses you.
Eustachio brags, "I can call spirits from the vasty deep."
Eustachio hits you with a +2 falchion of flaming.
Eustachio burns you.
You barely miss Eustachio. Eustachio hits you but does no damage.
You closely miss Eustachio. The bat hits you but does no damage.
You hit Eustachio. You freeze Eustachio. Your punch misses Eustachio.
Eustachio is lightly wounded.
You block the bat's attack.
Eustachio brags, "I can call spirits from the vasty deep."
Eustachio hits you with a +2 falchion of flaming.
Eustachio burns you.
You barely miss Eustachio.
Eustachio is lightly wounded.
You block the bat's attack.
Eustachio mumbles some strange words.
You closely miss Eustachio.
Eustachio is lightly wounded.
The bat barely misses you.
Eustachio hits you with a +2 falchion of flaming.
Eustachio burns you.
You hit Eustachio but do no damage.
Eustachio is lightly wounded.
The bat barely misses you. You block the bat's attack. The shadow imp hits you.
You block the shadow imp's attack. The quasit closely misses you.
You block the quasit's attack. The quasit barely misses you.
Eustachio barely misses you.
You closely miss Eustachio.
Eustachio is lightly wounded.
The bat closely misses you. The shadow imp hits you.
The shadow imp hits you but does no damage.
You block the quasit's attack. The quasit claws you.
The quasit closely misses you. Eustachio misses you.
You miss Eustachio.
Eustachio is lightly wounded.
The bat closely misses you. The quasit completely misses you.
The quasit barely misses you.
The quasit claws you but does no damage.
The shadow imp completely misses you. You block the shadow imp's attack.
You hit Eustachio but do no damage.
Eustachio is lightly wounded.
The bat barely misses you.
Eustachio mumbles some strange words.
The quasit bites you. The quasit barely misses you.
The quasit claws you but does no damage.
The shadow imp hits you.
The shadow imp hits you but does no damage.
You hit Eustachio. You freeze Eustachio.
Eustachio is lightly wounded.
The bat closely misses you. The bat barely misses you.
The quasit bites you but does no damage.
The quasit claws you but does no damage.
You block the quasit's attack. The bat misses you.
Eustachio gestures wildly while chanting.
You block the shadow imp's attack. The shadow imp hits you.
You hit Eustachio. You freeze Eustachio.
Eustachio is moderately wounded.
The bat disappears in a puff of smoke!
The bat closely misses you.
The quasit bites you but does no damage.
You block the quasit's attack. x2; The bat closely misses you.
Eustachio hits you with a +2 falchion of flaming.
Eustachio burns you.
The shadow imp hits you but does no damage.
The shadow imp closely misses you.
You hit Eustachio. You freeze Eustachio.
Eustachio is moderately wounded.
You block the bat's attack. The quasit barely misses you. x2
The quasit misses you.
Eustachio hits you with a +2 falchion of flaming.
* * * LOW HITPOINT WARNING * * *
Eustachio burns you.
* * * LOW HITPOINT WARNING * * *
The quasit bites you.
* * * LOW HITPOINT WARNING * * *
The quasit closely misses you. x2
You hit Eustachio but do no damage.
Eustachio is moderately wounded.
The bat barely misses you. You block the shadow imp's attack.
The shadow imp barely misses you.
Eustachio hits you with a +2 falchion of flaming.
* * * LOW HITPOINT WARNING * * *
Eustachio burns you.
* * * LOW HITPOINT WARNING * * *
You block the quasit's attack.
The quasit claws you but does no damage. x2
It was a potion of mutation.
You feel extremely strange.
You feel resistant to heat.
You feel strong-willed. The bat hits you but does no damage.
You block the bat's attack. The bat barely misses you.
The shadow imp closely misses you. You block the shadow imp's attack.
The quasit misses you. The quasit barely misses you.
You block the quasit's attack. Eustachio misses you.
As you read the scroll of teleportation, it crumbles to dust.
You feel strangely unstable. You block the bat's attack.
The shadow imp closely misses you.
The quasit bites you but does no damage.
The quasit closely misses you.
The quasit claws you but does no damage.
The shadow imp completely misses you.
Eustachio hits you with a +2 falchion of flaming.
* * * LOW HITPOINT WARNING * * *
Eustachio burns you.
* * * LOW HITPOINT WARNING * * *
The quasit attacks as you move away! The quasit misses you. x2
The quasit barely misses you. The bat hits you but does no damage.
The shadow imp gestures at you.
You easily resist.
The quasit bites you but does no damage.
The quasit claws you.
* * * LOW HITPOINT WARNING * * *
You feel clumsy. The quasit claws you.
You die...

Skill      XL: |  1  2  3  4  5  6  7  8 |
---------------+-------------------------+-----
Fighting       | 1 2 3 4 |  4.2
Dodging        | 2 3 4 5 6 |  6.4
Stealth        | 1 2 3 4 |  4.4
Long Blades    | 1 2 3 4 5 |  5.6
Ranged Weapons | |  1.7
Spellcasting   | |  1.0
Hexes          | |  2.6

Action                     |  1- 3 |  4- 6 |  7- 9 || total
---------------------------+-------+-------+-------++-------
  Melee: Dagger            |    13 |   126 |     3 ||   142
         Punch             |       |     2 |     6 ||     8
         Falchion          |       |    69 |   156 ||   225
         Short sword       |       |    25 |    90 ||   115
   Fire: Sling             |    96 |    68 |    35 ||   199
  Throw: Dart              |       |     2 |    25 ||    27
   Cast: Slow              |     3 |     3 |     3 ||     9
    Use: Potion            |       |     7 |     1 ||     8
         Scroll            |       |       |    11 ||    11
   Stab: Sleeping          |     1 |     1 |     1 ||     3
         Distracted        |       |     1 |       ||     1
 Armour: Robe              |     8 |    10 |       ||    18
         Leather armour    |       |    85 |    75 ||   160
  Dodge: Dodged            |    31 |   159 |   152 ||   342
  Block: Other             |       |       |    20 ||    20

Levels and vault maps discovered:
D:1:      saegor_arrival_simple_d, layout_rooms
D:2:      minmay_door_path, layout_loops_ring, basic_altar, serial_shops,
          nicolae_shop_bloodbath_and_beyond, nrook_loot_triangle
D:3:      layout_loops_ring, dilly_ecumenical_altar_fadedgnrine,
          kennysheep_generic_room_6
D:4:      layout_basic, lemuel_tele_altar, cheibriados_altar_1
D:5:      layout_rooms, mainiacjoe_overflow_cross_hatched,
          nicolae_ossuary_entry_plus, ebering_ghost_disaster_area, st_stairs_4,
          minmay_fractal_squares_5, uniq_eustachio, uniq_grinder

Notes
Turn   | Place    | Note
-------+----------+-------------------------------------------
     0 | D:1      | scionoferis the Demigod Hexslinger began the quest for the
                  | Orb.
     0 | D:1      | Reached XP level 1. HP: 15/15 MP: 4/4
    60 | D:1      | Reached skill level 1 in Fighting
    98 | D:1      | Reached skill level 2 in Dodging
   218 | D:1      | Reached XP level 2. HP: 23/23 MP: 5/5
   464 | D:2      | Reached skill level 1 in Stealth
   625 | D:2      | Found Omawka's Weapon Emporium.
   713 | D:2      | Reached XP level 3. HP: 17/28 MP: 6/6
   813 | D:2      | Noticed an ogre
  1424 | D:3      | Reached skill level 1 in Long Blades
  1668 | D:3      | Reached skill level 3 in Dodging
  1668 | D:3      | Reached XP level 4. HP: 33/36 MP: 8/8
  2149 | D:4      | Noticed a black bear
  2282 | D:4      | Reached skill level 2 in Fighting
  2357 | D:4      | Reached skill level 2 in Long Blades
  2357 | D:4      | Reached skill level 2 in Stealth
  2357 | D:4      | Reached XP level 5. HP: 17/41 MP: 9/9
  2680 | D:4      | Got Givenoz's Beginning Spellcraft
  3181 | D:5      | Entered Level 5 of the Dungeon
  3194 | D:5      | Noticed Eustachio
  3200 | D:5      | Noticed a centaur
  3220 | D:4      | HP: 1/41 [necrophage (5)]
  3222 | D:4      | Reached skill level 4 in Dodging
  3222 | D:4      | Reached XP level 6. HP: 2/50 MP: 10/10
  3328 | D:5      | Found a large runed translucent door.
  3433 | D:5      | Reached skill level 3 in Long Blades
  3526 | D:5      | Reached skill level 3 in Fighting
  3526 | D:5      | Reached skill level 3 in Stealth
  3526 | D:5      | Reached XP level 7. HP: 20/57 MP: 9/11
  3569 | D:5      | Found a sand-covered staircase.
  3606 | Ossuary  | Entered an ossuary
  3807 | Ossuary  | Reached skill level 4 in Long Blades
  3807 | Ossuary  | Reached skill level 5 in Dodging
  4288 | Ossuary  | Reached XP level 8. HP: 66/66 MP: 10/12
  4440 | Ossuary  | Reached skill level 5 in Long Blades
  4489 | Ossuary  | Reached skill level 4 in Stealth
  4506 | Ossuary  | Reached skill level 6 in Dodging
  4583 | Ossuary  | Identified a scroll of acquirement
  4627 | D:5      | Noticed Grinder
  4642 | D:5      | Acquired the amulet "Ukitwuh" {Reflect rC+ SH+5}
  4695 | D:5      | Paralysed by Grinder for 4 turns
  4701 | D:5      | Paralysed by Grinder for 3 turns
  4718 | D:5      | Killed Grinder
  4719 | D:5      | Reached skill level 4 in Fighting
  5026 | D:5      | Gained mutation: Your flesh is heat resistant. (rF+)
                  | [potion of mutation]
  5026 | D:5      | Gained mutation: You are strong-willed. (Will+) [potion of
                  | mutation]
  5027 | D:5      | HP: 4/66 [Eustachio/+2 falchion of flaming (6)]
  5028 | D:5      | HP: 1/66 [quasit[Eustachio] (2)]
  5028 | D:5      | Slain by a quasit

Vanquished Creatures
  Grinder (D:5)
  A black bear (D:5)
  2 phantoms (D:5)
  10 scorpions (D:4 Ossuary)
  A necrophage (D:4)
  A centaur zombie (Ossuary)
  2 jellies (D:5)
  2 orc priests (D:4 D:5)
  2 hounds (D:3 D:5)
  A human zombie (Ossuary)
  5 scorpion zombies (Ossuary)
  5 orc wizards (D:4 D:5)
  3 mummies (Ossuary)
  8 adders (D:2 D:3 D:4 D:5)
  2 ufetubi (D:5)
  2 worms (D:2 D:5)
  2 dart slugs (D:3)
  13 orcs (D:4 D:5)
  10 bats (D:1 D:2 D:3)
  5 endoplasms (D:1 D:3 D:4)
  4 giant cockroaches (D:1 D:2 D:3 D:4)
  A gnoll zombie (Ossuary)
  7 goblins (D:1 D:3 D:4)
  2 hobgoblins (D:1 D:4)
  2 jackals (D:4)
  5 kobolds (D:2 D:3 D:4)
  A quokka (D:1)
  5 ball pythons (D:2 D:3 D:4)
  3 frilled lizards (D:2 D:3)
  2 goblin zombies (Ossuary)
  3 hobgoblin zombies (Ossuary)
  3 kobold zombies (Ossuary)
  5 orc zombies (Ossuary)
  3 rats (D:1 D:2)
124 creatures vanquished.

Vanquished Creatures (collateral kills)
  2 orcs (D:5)
2 creatures vanquished.

Vanquished Creatures (others)
  An orc (D:5)
  15 fungi (D:5)
16 creatures vanquished.

Grand Total: 142 creatures vanquished

Table legend: (Time is in decaauts)
 A = Elapsed time spent in this place.
 B = Non-inter-level travel time spent in this place.
 C = Inter-level travel time spent in this place.
 D = Time resting spent in this place.
 E = Time spent auto-exploring this place.
 F = Levels seen in this place.
 G = Mean time per level.
                   A        B        C        D        E       F      G
               +--------+--------+--------+--------+--------+-----+--------+
         Total |   5062 |   4854 |    208 |    639 |   2483 |   6 |  843.7 |
       Dungeon |   4084 |   3876 |    208 |    317 |   2383 |   5 |  816.8 |
       Ossuary |    977 |    977 |      0 |    322 |    100 |   1 |  977.0 |
               +--------+--------+--------+--------+--------+-----+--------+

Top non-repeatable levels by time:
     D:4: 1033 daAuts
 Ossuary: 977 daAuts
     D:3: 941 daAuts
     D:2: 823 daAuts
     D:5: 818 daAuts
     D:1: 467 daAuts

Table legend:
 A = Non-vault XP
 B = Vault XP
 C = Vault XP percentage of total XP
 D = Non-vault monster count
 E = Vault monster count
 F = Vault count percentage of total count
                 A         B        C        D         E       F
            +---------+---------+-------+---------+---------+-------
      Total |     937 |    1613 |  63.3 |      83 |      43 |  34.1
            +---------+---------+-------+---------+---------+-------
        D:1 |      21 |       0 |   0.0 |      12 |       0 |   0.0
        D:2 |      29 |       5 |  14.7 |      13 |       1 |   7.1
        D:3 |      94 |      18 |  16.1 |      17 |       3 |  15.0
        D:4 |     260 |      85 |  24.6 |      22 |       1 |   4.3
        D:5 |     533 |     428 |  44.5 |      19 |       5 |  20.8
    Ossuary |       0 |    1077 | 100.0 |       0 |      33 | 100.0
            +---------+---------+-------+---------+---------+-------
